 Dungeon Crawl Stone Soup version 0.18.1-8-gdd0e5ea (webtiles) character file.

250 Scarto the Skirmisher (level 5, 0/42 HPs)
             Began as a Demonspawn Fighter on May 23, 2016.
             Succumbed to a water moccasin's poison
             ... on level 3 of the Dungeon.
             The game lasted 00:04:38 (2744 turns).

Scarto the Skirmisher (Demonspawn Fighter)          Turns: 2744, Time: 00:04:38

Health: 0/42       AC:  7    Str: 17    XL:     5   Next: 88%
Magic:  5/5        EV:  7    Int:  9    God:
Gold:   105        SH:  9    Dex: 13    Spells: 0 memorised, 4 levels left

rFire  . . .     SeeInvis .     a - +2 war axe
rCold  . . .     Gourm    .     b - +0 scale mail
rNeg   . . .     Faith    .     c - +0 shield
rPois  .         Spirit   .     (helmet restricted)
rElec  .         Dismiss  .     (no cloak)
rCorr  .         Reflect  .     (no gloves)
SustAt .         Harm     .     (no boots)
MR     .....                    (no amulet)
Stlth  ..........               (no ring)
                                (no ring)

@: lethally poisoned (0 -> -14), not resistant to hostile enchantments,
extremely unstealthy
A: antennae 1, powered by death 1, rot immunity
a: no special abilities


You were on level 3 of the Dungeon.
You were not hungry.

You visited 1 branch of the dungeon, and saw 3 of its levels.

You collected 105 gold pieces.

Inventory:

Hand Weapons
 a - a +2 war axe (weapon)
Armour
 b - a +0 scale mail (worn)
 c - a +0 shield (worn)
Wands
 n - a wand of iceblast (6/15)
Scrolls
 g - 2 scrolls of teleportation
 i - a scroll of enchant armour {unknown}
 k - a scroll of amnesia
Potions
 d - a potion of might
 e - a potion of resistance {unknown}
 l - a potion of cancellation {unknown}
Comestibles
 f - a bread ration
 h - a meat ration
 p - 4 fruits


   Skills:
 + Level 3.9 Fighting
 + Level 3.4 Axes
 + Level 3.9 Armour
 + Level 3.6 Shields


You had 4 spell levels left.
You didn't know any spells.

Dungeon Overview and Level Annotations

Branches:
Dungeon (3/15)

Altars:


Innate Abilities, Weirdness & Mutations

You have a pair of small antennae on your head.
You regenerate a little health from kills.
You are immune to rotting.


Message History

The water moccasin is heavily wounded.
You feel sick.
The water moccasin bites you but does no damage.
You block the water moccasin's attack.
You slash the water moccasin!
The water moccasin is almost dead.
You feel sick.
The water moccasin bites you but does no damage.
You block the water moccasin's attack.
You closely miss the water moccasin.
The water moccasin is almost dead.
You feel sick. The water moccasin bites you.
* * * LOW HITPOINT WARNING * * *
You are more poisoned.
The water moccasin poisons you! The water moccasin barely misses you.
The water moccasin bites you.
* * * LOW HITPOINT WARNING * * *
You miss the water moccasin.
The water moccasin is almost dead.
You die...

##+## ####.# #.
##...## #.# #.#
#.⌠.⌠.# #.# #.#
#..<..# #.# #.# #
#.⌠.⌠.# # ####.# #.#
#.##...##.#######.....
#.#######
#.⌠#####⌠.#.......##.#
#..>....#
#..S....###########.#
...####.########@# #.#
#)##...#.......#.# #.#
.†##.##.######...# #.#
####.##.# ##### #.. #
#.##.# ### # #.##.# #
# #.##.# # # #.##.# #
# #.##.# #


You could see a water moccasin.

Vanquished Creatures
  An orc wizard (D:3)
  An orc priest (D:3)
  Ijyb (D:2)
  4 adders
  An ooze (D:3)
  4 worms
  A dart slug (D:1)
  3 giant geckos
  20 orcs (D:3)
  4 giant cockroaches
  7 goblins
  6 hobgoblins
  8 jackals (D:1)
  13 kobolds
  5 bats
  3 giant newts
  8 rats
90 creatures vanquished.

Vanquished Creatures (others)
  A bat (D:1)
1 creature vanquished.

Grand Total: 91 creatures vanquished

Notes
Turn   | Place    | Note
--------------------------------------------------------------
     0 | D:1      | Scarto the Demonspawn Fighter began the quest for the Orb.
     0 | D:1      | Reached XP level 1. HP: 18/18 MP: 1/1
   106 | D:1      | Gained mutation: You regenerate a little health from kills. [demonic ancestry]
   106 | D:1      | Reached XP level 2. HP: 24/24 MP: 2/2
   520 | D:1      | Reached XP level 3. HP: 23/29 MP: 3/3
  1341 | D:2      | Gained mutation: You are immune to rotting. [demonic ancestry]
  1341 | D:2      | Reached XP level 4. HP: 19/35 MP: 4/4
  1634 | D:2      | Noticed Ijyb
  1646 | D:2      | Killed Ijyb
  2238 | D:3      | Gained mutation: You have a pair of small antennae on your head. [demonic ancestry]
  2238 | D:3      | Reached XP level 5. HP: 37/42 MP: 5/5
  2724 | D:3      | Noticed a water moccasin
  2743 | D:3      | HP: 2/42 [water moccasin (3)]
  2744 | D:3      | Succumbed to a water moccasin's poison

Skill      XL: |  1  2  3  4 |
---------------+-------------+-----
Axes           | 2 3 |  3.4
Shields        | 3 |  3.6
Armour         | 3 |  3.9
Fighting       | |  3.9

Action                   |  1- 3 |  4- 6 || total
-------------------------+-------+-------++-------
Melee: War axe           |   177 |   164 ||   341
  Use: Scroll            |       |     8 ||     8
       Potion            |       |     1 ||     1
  Eat: Bread ration      |     1 |       ||     1
       Chunk             |       |     2 ||     2
Armor: Scale mail        |    98 |    52 ||   150
Dodge: Dodged            |    60 |    45 ||   105
Block: Shield            |    96 |    80 ||   176
